 Dungeon Crawl Stone Soup version 0.28.0 (webtiles) character file.

Game seed: 12310135492140919651

60 lonewolfV2 the Ducker (level 3, 0/36 HPs)
             Began as a Troll Fighter on Feb 9, 2022.
             Slain by Ijyb (2 damage)
             ... on level 3 of the Dungeon.
             The game lasted 00:02:10 (1218 turns).

lonewolfV2 the Ducker (Troll Fighter)               Turns: 1218, Time: 00:02:10

Health: 0/36       AC:  4    Str: 26    XL:     3   Next: 82%
Magic:  2/2        EV:  8    Int:  4    God:
Gold:   69         SH:  7    Dex:  9    Spells: 2/2 levels left

rFire   . . .      SeeInvis .     - Unarmed
rCold   . . .      Faith    .   b - +0 kite shield
rNeg    . . .      Spirit   .   a - +0 robe
rPois   .          Reflect  .   (helmet restricted)
rElec   .          Harm     .   (no cloak)
rCorr   .          Rampage  .   (gloves unavailable)
Will    .....                   (boots unavailable)
Stlth   +.........              (no amulet)
HPRegen 0.92/turn               (no ring)
MPRegen 0.08/turn               (no ring)

@: no status effects
A: large, unfitting armour, claws 3, regeneration 1, shaggy fur 1, tough skin 1
a: no special abilities


You were on level 3 of the Dungeon.
You visited 1 branch of the dungeon, and saw 3 of its levels.

You collected 69 gold pieces.

Inventory:

Armour
 a - a +0 robe (worn)
 b - a +0 kite shield (worn)
Jewellery
 g - a +6 ring of strength
Scrolls
 h - a scroll of immolation
 i - a scroll of vulnerability
Potions
 c - a potion of might
 e - a potion of brilliance


   Skills:
 + Level 2.9 Fighting
 + Level 3.0 Dodging
 + Level 2.7 Shields
 + Level 2.6 Unarmed Combat


You had 2 spell levels left.
You didn't know any spells.
Your spell library contained the following spells:

 Spells                   Type           Power      Damage    Failure   Level
 Chain Lightning          Conj/Air       0%         N/A       100%        9
 Fire Storm               Conj/Fire      0%         5d1       100%        9
 Shatter                  Erth           0%         3d5*      100%        9


Dungeon Overview and Level Annotations

Branches:
Dungeon (3/15)

Altars:

Annotations:
D:3 Ijyb


Innate Abilities, Weirdness & Mutations

You are too large for most types of armour.
You have claws for hands.
Your natural rate of healing is unusually fast.
You are covered in fur. (AC +1)
You have tough skin. (AC +1)


Message History

Found 26 bolts.
The endoplasm quivers.
Ijyb the Twisted Goblin comes into view.
She is wielding a +0 club and carrying a wand of iceblast (8).
The endoplasm freezes you.
You are frozen.
The endoplasm hits you but does no damage.
You scratch the endoplasm.
The endoplasm is moderately wounded.
The endoplasm barely misses you. The endoplasm freezes you.
You are frozen.
You claw the endoplasm!
You kill the endoplasm!
Ijyb shouts!
Ijyb screams, "I dance on your bones!"
Ijyb zaps a wand.
The mass of ice explodes!
The iceblast engulfs you.
A frilled lizard comes into view.
The frilled lizard moves out of view.
Found a metallic grey potion.
Ijyb zaps a wand.
The mass of ice explodes!
The iceblast engulfs you!!
Ouch! That really hurt!
* * * LOW HITPOINT WARNING * * *
You hear a shout!
You block Ijyb's attack.
You scratch Ijyb.
Ijyb is lightly wounded.
Ijyb hits you with a +0 club.
* * * LOW HITPOINT WARNING * * *
You claw Ijyb!
Ijyb is heavily wounded.
You block Ijyb's attack.
You barely miss Ijyb.
Ijyb is heavily wounded.
You block Ijyb's attack.
You scratch Ijyb.
Ijyb is heavily wounded.
Ijyb hits you with a +0 club!
* * * LOW HITPOINT WARNING * * *
Ijyb hits you with a +0 club.
You die...

.... .!. ... . #..
#. #.# ##### .
#.#.###.#...... ..
#......g+......
.#...###@#...l..
..........#
##.##.....#
#..#.....#
######........#
#....##..#..(.#
######.##...#.#....#
..........#.#......#
#####.###.#)##.#.###


You could see Ijyb.

Vanquished Creatures
  An adder (D:2)
  2 worms (D:2)
  2 dart slugs
  7 bats
  4 endoplasms
  3 giant cockroaches
  4 hobgoblins
  A kobold (D:1)
  2 quokkas
  2 frilled lizards
  6 goblins
  4 rats
38 creatures vanquished.

Notes
Turn   | Place    | Note
-------+----------+-------------------------------------------
     0 | D:1      | lonewolfV2 the Troll Fighter began the quest for the Orb.
     0 | D:1      | Reached XP level 1. HP: 22/22 MP: 0/0
   112 | D:1      | Reached XP level 2. HP: 29/29 MP: 1/1
   772 | D:2      | Reached XP level 3. HP: 33/36 MP: 2/2
  1153 | D:3      | Reached skill level 3 in Dodging
  1206 | D:3      | Noticed Ijyb
  1218 | D:3      | Slain by Ijyb

Illustrated notes

Levels and vault maps discovered:
D:1:      dpeg_arrival_fog, layout_loops_cross
D:2:      layout_rooms
D:3:      layout_basic, mainiacjoe_overflow_alcove_2, lemuel_doored_altar,
          uniq_ijyb, uniq_terence

Skill      XL: |  1  2  3 |
---------------+----------+-----
Dodging        | 3 |  3.0
Fighting       | |  2.9
Shields        | |  2.7
Unarmed Combat | |  2.6

Action                   || total
-------------------------++-------
Melee: Unarmed           ||   107
  Use: Scroll            ||     4
Armor: Robe              ||    44
Dodge: Dodged            ||    52
Block: Kite shield       ||    37
